 Dungeon Crawl Stone Soup version 0.31-a0-1511-g961fd35 (webtiles) character file.

Game seed: 15703933069061220896

13440 PublicAnimeNo1 the Destroyer (level 11, -6/130 HPs)
             Began as a Demonspawn Hedge Wizard on Dec 29, 2023.
             Was a Believer of Vehumet.
             Mangled by a jumping spider (14 damage)
             ... in a Gauntlet.
             The game lasted 00:35:52 (13355 turns).

PublicAnimeNo1 the Destroyer (DsHW)                Turns: 13355, Time: 00:35:53

Health: -6/130     AC:  3    Str: 10    XL:     11   Next: 75%
Magic:  30/30      EV: 13    Int: 19    God:    Vehumet [**....]
Gold:   723        SH:  0    Dex: 13    Spells: 4/23 levels left

rFire   . . .        j - +5 long sword (freeze)
rCold   + . .        (no shield)
rNeg    . . .        H - +1 troll leather armour
rPois   +            c - +0 hat
rElec   +            (no cloak)
rCorr   +            B - +0 pair of gloves
SInv    +            p - +1 pair of boots of Objectivity {rC- Will+++ Slay+2 SInv}
Will    +++..        o - amulet of regeneration Stlth
                     m - ring of magical power
HPRegen 2.01/turn    C - ring of ice
MPRegen 0.44/turn

%: no teleportation
@: berserking, resistant, corroded, studying Fighting, very quick
A: spiny 2, magic regeneration, sturdy frame 2, weakness stinger 1
a: Renounce Religion


You were in a Gauntlet.
You worshipped Vehumet.
Vehumet was pleased with you.
You visited 2 branches of the dungeon, and saw 13 of its levels.
You also visited: Bailey and Gauntlet.

You collected 723 gold pieces.

Inventory:

Hand Weapons
 a - a +4 falchion of venom
 f - a +1 dagger of electrocution
 j - a +5 long sword of freezing (weapon)
 A - a +0 dagger
Armour
 c - a +0 hat (worn)
 k - a +1 leather armour of positive energy
 p - the +1 pair of boots of Objectivity (worn) {rC- Will+++ Slay+2 SInv}
   (You acquired it on level 8 of the Dungeon)

   Slay+2:    It affects your accuracy & damage with ranged weapons and melee
   (+2).
   rC-:       It makes you vulnerable to cold.
   Will+++:   It greatly increases your willpower.
   SInv:      It lets you see invisible.
 x - an orb of mayhem
 B - a +0 pair of gloves (worn)
 H - a +1 troll leather armour (worn)
Magical Staves
 b - a staff of conjuration
Jewellery
 m - a ring of magical power (left hand)
 o - an amulet of regeneration (around neck)
 C - a ring of ice (right hand)
 D - a ring of magical power
Wands
 l - a wand of polymorph (5)
 v - a wand of flame (16)
 z - a wand of roots (22)
Scrolls
 e - a scroll of fog
 t - a scroll of teleportation
 y - 2 scrolls of blinking
 G - a scroll of vulnerability
Potions
 d - 2 potions of magic
 g - a potion of lignification {unknown}
 i - a potion of haste
 n - a potion of heal wounds
 q - a potion of ambrosia
 r - 2 potions of resistance
 s - 2 potions of mutation {unknown}
 u - 3 potions of enlightenment
 w - a potion of curing {unknown}
 F - a potion of attraction {unknown}
 J - 2 potions of might {unknown}


   Skills:
 + Level 8.7 Fighting
 + Level 4.7 Long Blades
 - Level 4.8 Dodging
 - Level 5.0 Stealth
 + Level 6.7 Spellcasting
 - Level 9.4 Conjurations
 - Level 6.0 Summonings
 - Level 0.9 Necromancy
 + Level 2.4 Translocations
 - Level 5.0 Air Magic
 + Level 4.9 Alchemy


You had 4 spell levels left.
You knew the following spells:

 Your Spells              Type           Power      Damage    Failure   Level
a - Magic Dart            Conj           100%       1d8       1%          1
b - Call Imp              Summ           58%        N/A       1%          2
c - Kiss of Death         Conj/Necr      100%       2d13      1%          1
d - Blink                 Tloc           30%        N/A       6%          2
e - Mephitic Cloud        Conj/Alch/Air  31%        N/A       2%          3
f - Summon Lightning Spi  Summ/Air       27%        N/A       11%         4
g - Iskenderun's Mystic   Conj/Tloc      29%        2d7       9%          4
h - Searing Ray           Conj           84%        2d7       1%          2

Your spell library contained the following spells:

 Spells                   Type           Power      Damage    Failure   Level
 Static Discharge         Conj/Air       68%        3-6/arc   1%          2
 Cigotuvi's Dreadful Rot  Necr/Alch/Air  40%        N/A       3%          2
 Dazzling Flash           Conj/Hex       48%        N/A       4%          3
 Fulminant Prism          Conj/Alch      16%        3d11      5%          4
 Slow                     Hex            24%        N/A       11%         1
 Sublimation of Blood     Necr           9%         N/A       11%         2
 Airstrike                Air            12%        2d(2-18)  13%         4
 Jinxbite                 Hex            12%        N/A       16%         2
 Volatile Blastmotes      Fire/Tloc      22%        2d11      19%         3
 Confusing Touch          Hex            6%         N/A       30%         3
 Tukima's Dance           Hex            6%         N/A       30%         3
 Passage of Golubria      Tloc           15%        N/A       36%         4
 Petrify                  Alch/Erth      15%        N/A       36%         4
 Dimensional Bullseye     Hex/Tloc       5%         N/A       54%         4
 Dispel Undead            Necr           9%         3d8       56%         4
 Irradiate                Conj/Alch      16%        3d17      16%         5
 Yara's Violent Unravell  Hex/Alch       7%         3d5       71%         5
 Starburst                Conj/Fire      12%        6d5       92%         6
 Enfeeble                 Hex            3%         N/A       100%        7
 Maxwell's Capacitive Co  Air            12%        ∞         100%        8


Dungeon Overview and Level Annotations

Branches:
Dungeon (12/15)            Temple (1/1) D:5            Lair (0/5) D:11
    Orc (0/2) D:11         Bailey (visited)         Gauntlet (1/1)

Altars:
Ashenzari
Cheibriados
Dithmenos
Fedhas
Gozag
Hepliaklqana
Kikubaaqudgha
Makhleb
Nemelex Xobeh
Okawaru
Qazlal
Ru
Sif Muna
Trog
Uskayaw
Vehumet
Wu Jian
Xom
Yredelemnul

Annotations:
D:3 Terence
D:4 2 transporters, IAmTheZeppo's ghost, amateur MiBe
D:10 2 transporters, exclusion: downstairs, Taxman1966's ghost, journeyman DjFE Gauntlet 9 transporters


Innate Abilities, Weirdness & Mutations

You are mostly covered in sharp spines.
You regenerate magic rapidly.
Your movements are less encumbered by armour. (ER -4)
You have a small tail.


Message History

You closely miss the entropy weaver.
Your tail-slap misses the entropy weaver.
The entropy weaver is almost dead.
The entropy weaver completely misses you.
The entropy weaver barely misses you. The entropy weaver hits you.
* * * LOW HITPOINT WARNING * * *
The entropy weaver barely misses you.
The wolf spider is engulfed in noxious fumes.
The wolf spider appears confused.
You closely miss the entropy weaver.
The entropy weaver is almost dead.
The wolf spider is engulfed in noxious fumes.
The wolf spider hits the jumping spider!!
The wolf spider bites the jumping spider.
The entropy weaver casts a spell at you.
You closely miss the entropy weaver.
The entropy weaver is almost dead.
The wolf spider is engulfed in noxious fumes.
The wolf spider appears confused.
You completely miss the entropy weaver. You tail-slap the entropy weaver.
You kill the entropy weaver!
Vehumet accepts your kill.
You feel your power returning.
The jumping spider leaps!
The wolf spider is engulfed in noxious fumes.
The wolf spider appears confused.
You closely miss the jumping spider.
The jumping spider pounces on you but does no damage.
The jumping spider barely misses you.
The wolf spider is engulfed in noxious fumes.
You barely miss the jumping spider.
The wolf spider is engulfed in noxious fumes.
The jumping spider pounces on you!!
* * * LOW HITPOINT WARNING * * *
The jumping spider closely misses you.
The jumping spider leaps!
The wolf spider hits the jumping spider!
The jumping spider is killed!
Vehumet accepts your kill.
The wolf spider hits itself!
The wolf spider bites itself.
The jumping spider pounces on you!
You die...

..#.......#.#.#.#.#.#...≈≈#
..###.###?#.#..9#Y9.#...≈##
####...#..#.#########...##
#©##.#§#.©#©#.........♣.≈##
#.#..#....#.#########.P.≈≈# # #
#.#.###S#g#.#.......#...≈##...#
#.#.....gx#.#..#°#.?#.P.## .♣.#
#.#########.#..#s#.?#.♣..##...#
#.#.......#©#..#@#.©#.....#.♣.##.
#.#...♣...###..#†#.=#..P♣.#......
#.#..PP.....#..#°#..#...P.#.©.##.
#.#.#≈#≈#P..#..°°sBs#.....#...#
#.#.≈≈≈≈≈P..#########.....#.©.##.
#©#.#≈#≈#P♣............∩..#......
#.#.≈≈≈≈≈.P.#########.....#.©.##.
#.#.#≈#≈#...#..##J..#.....#...#
#.#.P.P.P...#.#...###...P.#.©.##.


You could see a catoblepas, a wolf spider (confused), a quicksilver ooze, a
worldbinder, a jumping spider, a molten gargoyle, a gargoyle and a boggart.

Vanquished Creatures
  An entropy weaver (Gauntlet)
  A boulder beetle (D:7)
  A two-headed ogre (D:11)
  A gargoyle (D:10)
  Jeremiah (D:9)
  An unseen horror (D:10)
  3 trolls
  4 hornets
  Grinder (D:4)
  A jumping spider (Gauntlet)
  3 wraiths
  8 yaks
  3 steam dragons
  A water moccasin (D:8)
  14 orc warriors
  5 ice beasts
  2 sky beasts (D:7)
  13 centaurs
  An ogre (D:6)
  A phantom (D:6)
  A gnoll sergeant (D:7)
  3 kobold brigands
  A nameless horror (D:11)
  2 bullfrogs
  3 scorpions
  9 wights
  4 killer bees (D:9)
  2 howler monkeys (D:9)
  2 hounds
  A jelly (D:6)
  A bombardier beetle (D:3)
  5 orc priests
  6 iguanas
  2 sleepcaps (D:5)
  Jessica (D:3)
  Ijyb (D:5)
  Natasha (thrice) (D:3)
  9 orc wizards
  A hell rat (D:11)
  10 adders
  10 gnolls
  A river rat (D:11)
  3 shadow imps
  2 white imps (D:5)
  3 dart slugs
  66 orcs
  7 bats
  9 endoplasms
  5 giant cockroaches
  9 goblins
  9 hobgoblins
  3 jackals (D:4)
  13 kobolds
  6 quokkas
  6 ball pythons
  6 frilled lizards
  5 rats
296 creatures vanquished.

Vanquished Creatures (collateral kills)
  5 yaks
  A wraith (D:9)
  An ogre (D:5)
  2 centaurs (D:11)
  2 wights
  2 killer bees (D:9)
  An orc priest (D:11)
  An orc wizard (D:11)
  2 gnolls (D:5)
  An adder (D:5)
  3 orcs
  A kobold (D:4)
  A rat (D:11)
23 creatures vanquished.

Vanquished Creatures (others)
  A yak (D:10)
1 creature vanquished.

Grand Total: 320 creatures vanquished

Notes
Turn   | Place    | Note
-------+----------+-------------------------------------------
     0 | D:1      | PublicAnimeNo1 the Demonspawn Hedge Wizard began the quest
                  | for the Orb.
     0 | D:1      | Reached XP level 1. HP: 13/13 MP: 4/4
   384 | D:1      | Reached skill level 1 in Fighting
   400 | D:1      | Gained mutation: You are partially covered in sharp spines.
                  | [demonic ancestry]
   400 | D:1      | Reached XP level 2. HP: 21/21 MP: 1/6
   403 | D:1      | Learned a level 2 spell: Call Imp
   590 | D:1      | Reached skill level 2 in Conjurations
   776 | D:1      | Learned a level 1 spell: Kiss of Death
   994 | D:1      | Reached XP level 3. HP: 23/23 MP: 2/7
  1198 | D:1      | Learned a level 2 spell: Blink
  1367 | D:2      | Found an ornate altar of the Wu Jian Council.
  1740 | D:2      | Found a faded altar of an unknown god.
  2131 | D:3      | Reached skill level 3 in Conjurations
  2196 | D:3      | Found a broken altar of Ashenzari.
  2199 | D:3      | Found an ornate altar of the Wu Jian Council.
  2238 | D:3      | Gained mutation: You have a small tail. [demonic ancestry]
  2238 | D:3      | Reached XP level 4. HP: 33/33 MP: 8/8
  2290 | D:3      | Noticed Natasha
  2295 | D:3      | Killed Natasha
  2325 | D:3      | Found an opulent altar of Gozag.
  2483 | D:3      | Noticed Natasha
  2488 | D:3      | Killed Natasha
  2489 | D:3      | Reached XP level 5. HP: 39/39 MP: 9/9
  2717 | D:3      | Noticed Terence
  2769 | D:3      | Noticed Jessica
  2776 | D:3      | Killed Jessica
  2932 | D:3      | Reached skill level 4 in Conjurations
  3014 | D:3      | Noticed Natasha
  3022 | D:3      | Killed Natasha
  3789 | D:4      | Noticed Grinder
  3913 | D:4      | Killed Grinder
  3914 | D:4      | Gained mutation: You regenerate magic rapidly. [demonic
                  | ancestry]
  3914 | D:4      | Reached XP level 6. HP: 28/47 MP: 8/10
  4094 | D:4      | Reached skill level 5 in Conjurations
  4103 | D:4      | Gained mutation: Your movements are slightly less
                  | encumbered by armour. (ER -2) [demonic ancestry]
  4103 | D:4      | Reached XP level 7. HP: 33/52 MP: 9/11
  4366 | D:4      | Found a transporter.
  4384 | D:4      | Found a transporter.
  4385 | D:4      | Noticed IAmTheZeppo's ghost (amateur MiBe)
  4597 | D:5      | Entered Level 5 of the Dungeon
  4597 | D:5      | Noticed Ijyb
  4613 | D:5      | Killed Ijyb
  5126 | D:5      | Reached skill level 6 in Conjurations
  5252 | D:5      | Reached XP level 8. HP: 50/55 MP: 12/12
  5418 | D:5      | Found a snail-covered altar of Cheibriados.
  5423 | D:5      | Learned a level 3 spell: Mephitic Cloud
  5786 | D:5      | Found a staircase to the Ecumenical Temple.
  5831 | Temple   | Entered the Ecumenical Temple
  5970 | D:6      | Reached skill level 7 in Conjurations
  6118 | D:6      | Reached skill level 5 in Fighting
  6535 | D:6      | You fall into a shaft and drop 2 floors!
  6679 | D:8      | Reached XP level 9. HP: 32/68 MP: 13/13
  6683 | D:8      | Found a flagged portal.
  6711 | D:8      | Reached skill level 1 in Alchemy
  6722 | Bailey   | Entered a bailey
  6739 | Bailey   | Reached skill level 1 in Air Magic
  7051 | Bailey   | Reached skill level 8 in Conjurations
  7844 | Bailey   | Gained mutation: You are mostly covered in sharp spines.
                  | [demonic ancestry]
  7844 | Bailey   | Reached XP level 10. HP: 73/76 MP: 15/15
  8021 | D:8      | Acquired the +1 pair of boots of Objectivity {rC- Will+++
                  | Slay+2 SInv}
  9299 | D:7      | Found a stormy altar of Qazlal.
  9301 | D:7      | Found a basalt altar of Yredelemnul.
  9301 | D:7      | Found an iron altar of Okawaru.
  9301 | D:7      | Found a hide-covered altar of Uskayaw.
  9301 | D:7      | Noticed a boulder beetle
  9361 | D:7      | Killed a boulder beetle
  9362 | D:7      | Reached skill level 1 in Long Blades
  9362 | D:7      | Reached skill level 9 in Conjurations
  9515 | D:7      | Reached skill level 5 in Spellcasting
  9765 | D:7      | Found a radiant altar of Vehumet.
  9814 | D:7      | Became a worshipper of Vehumet
 10266 | D:9      | Noticed Jeremiah
 10352 | D:9      | Killed Jeremiah
 10722 | D:9      | Reached skill level 5 in Stealth
 10818 | D:9      | Learned a level 4 spell: Summon Lightning Spire
 11003 | D:9      | Reached * piety under Vehumet
 11003 | D:9      | Offered knowledge of Sandblast by Vehumet.
 11230 | D:9      | Reached skill level 5 in Summonings
 11379 | D:10     | Entered Level 10 of the Dungeon
 11392 | D:10     | Gained mutation: Your movements are less encumbered by
                  | armour. (ER -4) [demonic ancestry]
 11392 | D:10     | Reached XP level 11. HP: 83/83 MP: 16/19
 11454 | D:10     | Found a transporter.
 11459 | D:10     | Found a transporter.
 11459 | D:10     | Noticed a two-headed ogre
 11459 | D:10     | Noticed a two-headed ogre
 11461 | D:10     | Noticed Taxman1966's ghost (journeyman DjFE)
 11514 | D:10     | Noticed an orc knight
 11520 | D:10     | Noticed a two-headed ogre
 11871 | D:10     | Reached skill level 5 in Air Magic
 12097 | D:10     | Found a bloodstained altar of Trog.
 12101 | D:10     | Found a shimmering blue altar of Sif Muna.
 12318 | D:11     | Paralysed by a hornet for 1 turns
 12366 | D:11     | Learned a level 4 spell: Iskenderun's Mystic Blast
 12384 | D:11     | Noticed a two-headed ogre
 12405 | D:11     | Killed a two-headed ogre
 12406 | D:11     | Reached skill level 1 in Translocations
 12446 | D:11     | Found a staircase to the Orcish Mines.
 12475 | D:11     | Noticed a death yak
 12475 | D:11     | Noticed a death yak
 12501 | D:10     | Upgraded the game from 0.31-a0-1500-ga9fbd17 to
                  | 0.31-a0-1511-g961fd35
 12587 | D:11     | Found a staircase to the Lair.
 12604 | D:11     | Offered knowledge of Searing Ray by Vehumet.
 12604 | D:11     | Reached ** piety under Vehumet
 12633 | D:11     | Learned a level 2 spell: Searing Ray
 12700 | D:11     | Noticed a death yak
 12740 | D:11     | Noticed a skeletal warrior
 12948 | D:12     | Found a gate leading to a gauntlet.
 12962 | Gauntlet | Entered a Gauntlet
 12962 | Gauntlet | Found a transporter.
 12969 | Gauntlet | Found a transporter.
 12971 | Gauntlet | Found a transporter.
 12985 | Gauntlet | Found a transporter.
 12987 | Gauntlet | Found a transporter.
 12989 | Gauntlet | Noticed a dire elephant
 13002 | Gauntlet | Found a transporter.
 13013 | Gauntlet | Found a transporter.
 13013 | Gauntlet | Noticed a quicksilver ooze
 13020 | Gauntlet | Noticed a wolf spider
 13024 | Gauntlet | Found a transporter.
 13026 | Gauntlet | Noticed an entropy weaver
 13031 | Gauntlet | Noticed a catoblepas
 13036 | Gauntlet | Found a transporter.
 13050 | Gauntlet | Found a transporter.
 13050 | Gauntlet | Found a transporter.
 13078 | Gauntlet | Found a transporter.
 13078 | Gauntlet | Found a transporter.
 13129 | Gauntlet | Found a transporter.
 13327 | Gauntlet | Noticed a naga warrior
 13353 | Gauntlet | Killed an entropy weaver
 13355 | Gauntlet | Mangled by a jumping spider

Illustrated notes

Levels and vault maps discovered:
D:1:      minmay_arrival_split_and_join, layout_rooms
D:2:      layout_loops_ring, ebering_ecumenical_altar_abandoned, basic_altar
D:3:      layout_loops_ring, nicolae_gozag_seed_capital,
          grunt_temple_overflow_diamond, serial_rivers,
          chequers_serial_rivers_large_b, chequers_serial_rivers_small_a,
          chequers_serial_rivers_micro_e, chequers_serial_rivers_room_b,
          chequers_serial_rivers_room_a, chequers_serial_rivers_small_3,
          kennysheep_generic_room_3, uniq_natasha, uniq_terence, uniq_jessica
D:4:      layout_rooms, gammafunk_ghost_smash, uniq_grinder
D:5:      layout_cave_pools, nicolae_overflow_hidden_temple,
          minmay_temple_entry_enclosed_plants, minmay_circle_x, uniq_ijyb
D:6:      layout_rooms
D:7:      layout_loops_ring, grunt_temple_overflow_open
D:8:      layout_layer_cave, enter_bailey_5, glass_columns_a
D:9:      layout_gridville, minivault_22, uniq_jeremiah
D:10:     layout_loops_ring, hellmonk_overflow_destroyed_library,
          nzn_ghost_randoct
D:11:     layout_cave_pools, dpeg_lair_monsters, david_orc_3
D:12:     layout_rooms, gauntlet_entry_generic, uniq_nergalle
Temple:   compressed_dpeg_triangle_lava_temple
Gauntlet: minmay_gauntlet_77_tree [minmay_gauntlet_arena_77_museum,
          minmay_gauntlet_arena_77_broken_ladder,
          minmay_gauntlet_arena_77_tiled_triplets,
          minmay_gauntlet_arena_77_two_paths,
          minmay_gauntlet_arena_77_chump_sandwich,
          minmay_gauntlet_arena_77_squiggly, minmay_gauntlet_arena_77_p_blocks,
          gauntlet_exit_watery]

Skill      XL: |  1  2  3  4  5  6  7  8  9 10 11 |
---------------+----------------------------------+-----
Fighting       | 1 2 3 4 5 6 8 |  8.7
Conjurations   | 2 3 4 5 6 7 8 9 |  9.4
Dodging        | 2 3 4 |  4.8
Summonings     | 2 3 4 5 6 |  6.0
Alchemy        | 3 4 |  4.9
Air Magic      | 3 4 5 |  5.0
Stealth        | 3 5 |  5.0
Spellcasting   | 5 6 |  6.7
Long Blades    | 3 4 |  4.7
Translocations | 2 |  2.4
Necromancy     | |  0.9

Action                     |  1- 3 |  4- 6 |  7- 9 | 10-12 || total
---------------------------+-------+-------+-------+-------++-------
  Melee: Staff             |    12 |       |     4 |       ||    16
         Punch             |     1 |       |     1 |     2 ||     4
         Falchion          |       |       |    48 |    28 ||    76
         Long sword        |       |       |     3 |   153 ||   156
         Tailslap          |       |       |     3 |    37 ||    40
   Cast: Magic Dart        |   101 |   125 |   291 |    81 ||   598
         Kiss of Death     |     1 |       |     2 |     2 ||     5
         Call Imp          |       |     3 |    23 |     9 ||    35
         Mephitic Cloud    |       |       |    23 |    18 ||    41
         Summon Lightning  |       |       |       |    22 ||    22
         Searing Ray       |       |       |       |    10 ||    10
         Iskenderun's Myst |       |       |       |     5 ||     5
         Blink             |       |       |       |     1 ||     1
  Evoke: Wand              |       |       |     2 |     6 ||     8
    Use: Scroll            |     3 |     1 |    12 |     8 ||    24
         Potion            |       |       |     1 |     5 ||     6
   Stab: Confused          |       |       |     1 |     4 ||     5
         Distracted        |       |       |       |     3 ||     3
         Sleeping          |       |       |       |     3 ||     3
 Armour: Robe              |     4 |    16 |    81 |    33 ||   134
         Leather armour    |       |       |       |    36 ||    36
         Troll leather arm |       |       |       |   125 ||   125
  Dodge: Dodged            |    11 |    17 |    87 |   154 ||   269

Table legend: (Time is in decaauts)
 A = Elapsed time spent in this place.
 B = Non-inter-level travel time spent in this place.
 C = Inter-level travel time spent in this place.
 D = Time resting spent in this place.
 E = Time spent auto-exploring this place.
 F = Levels seen in this place.
 G = Mean time per level.
                   A        B        C        D        E       F      G
               +--------+--------+--------+--------+--------+-----+--------+
         Total |  13509 |  12841 |    668 |   2457 |   7536 |  15 |  900.6 |
       Dungeon |  11782 |  11132 |    650 |   1892 |   7030 |  12 |  981.8 |
        Temple |     17 |      0 |     17 |      0 |      0 |   1 |   17.0 |
        Bailey |   1312 |   1312 |      0 |    525 |    271 |   1 | 1312.0 |
      Gauntlet |    396 |    396 |      0 |     39 |    234 |   1 |  396.0 |
               +--------+--------+--------+--------+--------+-----+--------+

Top non-repeatable levels by time:
     D:3: 1609 daAuts
     D:1: 1368 daAuts
  Bailey: 1312 daAuts
     D:8: 1300 daAuts
     D:4: 1281 daAuts
     D:9: 1203 daAuts
     D:5: 962 daAuts
     D:7: 961 daAuts
    D:10: 897 daAuts
     D:6: 881 daAuts
     D:2: 709 daAuts
Gauntlet: 396 daAuts
    D:11: 380 daAuts
    D:12: 226 daAuts
  Temple: 17 daAuts
